[Event "FICS rated standard game"]
[Site "FICS freechess.org"]
[FICSGamesDBGameNo "20002672"]
[White "IronRanger"]
[Black "petrk"]
[WhiteElo "1661"]
[BlackElo "1843"]
[WhiteRD "na"]
[BlackRD "na"]
[TimeControl "120+20"]
[Date "1999.10.15"]
[Time "02:35:00"]
[WhiteClock "0:02:00.000"]
[BlackClock "0:02:00.000"]
[ECO "B23"]
[PlyCount "90"]
[Result "0-1"]

1. e4 c5 2. Nc3 e6 3. g3 d5 4. exd5 exd5 5. Bg2 Nf6 6. Nge2 Nc6 7. O-O Be7 8. Nf4 d4 9. Nce2 O-O 10. d3 Bd6 11. Kh1 Bg4 12. c3 Re8 13. Qc2 g5 14. f3 gxf4 15. fxg4 Nxg4 16. Bxf4 Bxf4 17. Nxf4 Ne3 18. Qb3 Nxf1 19. Rxf1 Qc7 20. Nh5 Re7 21. Qd5 Qe5 22. Nf6+ Kh8 23. Qxe5 Nxe5 24. Be4 Ng6 25. Nd5 Re5 26. Rxf7 Kg8 27. Rxb7 Rf8 28. Kg2 Rf7 29. Rb5 dxc3 30. bxc3 c4 31. Nf6+ Rxf6 32. Rxe5 Nxe5 33. Bd5+ Kg7 34. dxc4 Nd3 35. g4 h6 36. Kg3 a5 37. a4 Nc5 38. h4 Nxa4 39. g5 hxg5 40. hxg5 Rf8 41. Kg4 Nxc3 42. Be6 Ne4 43. Bf5 Nc5 44. Kf4 a4 45. Ke3 Rxf5 {White resigns} 0-1

[Event "FICS rated blitz game"]
[Site "FICS freechess.org"]
[FICSGamesDBGameNo "20002670"]
[White "zumbione"]
[Black "mongrel"]
[WhiteElo "1712"]
[BlackElo "1501"]
[WhiteRD "na"]
[BlackRD "na"]
[TimeControl "300+5"]
[Date "1999.10.14"]
[Time "21:54:00"]
[WhiteClock "0:05:00.000"]
[BlackClock "0:05:00.000"]
[ECO "C11"]
[PlyCount "41"]
[Result "1-0"]

1. e4 e6 2. d4 d5 3. Nc3 Nf6 4. e5 Nfd7 5. f4 c5 6. Nf3 Qb6 7. dxc5 Bxc5 8. Na4 Qa5+ 9. c3 Be7 10. b4 Qc7 11. Be3 O-O 12. Bd3 f6 13. exf6 Bxf6 14. Rc1 Nc6 15. O-O Bd8 16. Nc5 Nxc5 17. bxc5 Qa5 18. c4 Be7 19. cxd5 exd5 20. Bb1 Rd8 21. Qd3 {Black forfeits on time} 1-0

[Event "FICS rated lightning game"]
[Site "FICS freechess.org"]
[FICSGamesDBGameNo "20002669"]
[White "Gavza"]
[Black "nardis"]
[WhiteElo "1554"]
[BlackElo "1572"]
[WhiteRD "na"]
[BlackRD "na"]
[TimeControl "60+0"]
[Date "1999.10.14"]
[Time "20:35:00"]
[WhiteClock "0:01:00.000"]
[BlackClock "0:01:00.000"]
[ECO "B06"]
[PlyCount "58"]
[Result "0-1"]

1. e4 d6 2. Nf3 g6 3. d4 Bg7 4. Bd3 c6 5. O-O Nd7 6. c3 Ngf6 7. Re1 O-O 8. h3 e5 9. Bc2 exd4 10. Nxd4 Re8 11. Nf3 Nc5 12. Bg5 h6 13. Bh4 g5 14. Bg3 Qe7 15. b4 Ne6 16. Qd3 Nf4 17. Bxf4 gxf4 18. e5 dxe5 19. Qh7+ Nxh7 20. Nxe5 Bxe5 21. Nd2 f6 22. Nf3 Ng5 23. Nxg5 hxg5 24. Bg6 Rf8 25. Bh5 Be6 26. Bf3 Qg7 27. c4 g4 28. c5 gxf3 29. Kf1 Qxg2# {White checkmated} 0-1

[Event "FICS rated blitz game"]
[Site "FICS freechess.org"]
[FICSGamesDBGameNo "20002668"]
[White "Deadh"]
[Black "ahijah"]
[WhiteElo "1698"]
[BlackElo "1966"]
[WhiteRD "na"]
[BlackRD "na"]
[TimeControl "300+0"]
[Date "1999.10.14"]
[Time "20:34:00"]
[WhiteClock "0:05:00.000"]
[BlackClock "0:05:00.000"]
[ECO "D00"]
[PlyCount "38"]
[Result "0-1"]

1. d4 Nf6 2. Nc3 d5 3. e4 dxe4 4. f3 exf3 5. Nxf3 Bg4 6. h3 Bxf3 7. Qxf3 c6 8. Bd3 Qxd4 9. Be3 Qb4 10. O-O-O Nbd7 11. a3 Qa5 12. g4 e6 13. Rhf1 h6 14. h4 Ne5 15. Qf4 Nexg4 16. Bd2 Qe5 17. Qf3 Nh2 18. Qf4 Qxf4 19. Rf3 Qxf3 {White resigns} 0-1

[Event "FICS rated blitz game"]
[Site "FICS freechess.org"]
[FICSGamesDBGameNo "20002667"]
[White "URbanL"]
[Black "BarouchHaShem"]
[WhiteElo "1619"]
[BlackElo "1556"]
[WhiteRD "na"]
[BlackRD "na"]
[TimeControl "300+3"]
[Date "1999.10.14"]
[Time "19:52:00"]
[WhiteClock "0:05:00.000"]
[BlackClock "0:05:00.000"]
[ECO "C45"]
[PlyCount "81"]
[Result "1-0"]

1. e4 e5 2. Nf3 Nc6 3. d4 exd4 4. Nxd4 Nge7 5. Be3 Nxd4 6. Bxd4 Nc6 7. Bc3 Qe7 8. Bd3 Ne5 9. O-O Nxd3 10. Qxd3 d6 11. Qg3 Be6 12. Nd2 O-O-O 13. Nf3 f6 14. Rfe1 g6 15. Nd4 Bd7 16. Qe3 Kb8 17. a4 h5 18. a5 Bh6 19. Qf3 Bg4 20. Qd3 Rhe8 21. Qb5 Bd7 22. Qb3 Bf4 23. a6 b6 24. Qd5 c6 25. Nxc6+ Bxc6 26. Qxc6 Rc8 27. Qd5 Rc5 28. Qd3 h4 29. g3 hxg3 30. fxg3 Be5 31. Bxe5 Rxe5 32. Rad1 Rxe4 33. Rxe4 Qxe4 34. Qxe4 Rxe4 35. Rxd6 Re2 36. Rxf6 Rxc2 37. Rxg6 Rxb2 38. h4 b5 39. h5 Rc2 40. h6 Rc5 41. h7 {Black resigns} 1-0

[Event "FICS rated blitz game"]
[Site "FICS freechess.org"]
[FICSGamesDBGameNo "20002666"]
[White "Blueagle"]
[Black "boiler"]
[WhiteElo "1915"]
[BlackElo "1869"]
[WhiteRD "na"]
[BlackRD "na"]
[TimeControl "300+0"]
[Date "1999.10.14"]
[Time "18:29:00"]
[WhiteClock "0:05:00.000"]
[BlackClock "0:05:00.000"]
[ECO "B04"]
[PlyCount "35"]
[Result "1-0"]

1. e4 Nf6 2. e5 Nd5 3. d4 d6 4. Nf3 Nc6 5. Bc4 e6 6. O-O dxe5 7. dxe5 Bc5 8. Bg5 Qd7 9. Nbd2 O-O 10. Ne4 Be7 11. Qd2 Nb6 12. Bd3 Bxg5 13. Qxg5 Qe7 14. Nf6+ Kh8 15. Bxh7 Nxe5 16. Qh5 Qxf6 17. Bg6+ Kg8 18. Qh7# {Black checkmated} 1-0

[Event "FICS rated blitz game"]
[Site "FICS freechess.org"]
[FICSGamesDBGameNo "20002665"]
[White "quintic"]
[Black "gyalog"]
[WhiteElo "1226"]
[BlackElo "1417"]
[WhiteRD "na"]
[BlackRD "na"]
[TimeControl "300+0"]
[Date "1999.10.14"]
[Time "18:07:00"]
[WhiteClock "0:05:00.000"]
[BlackClock "0:05:00.000"]
[ECO "C00"]
[PlyCount "65"]
[Result "1-0"]

1. e4 e6 2. Nf3 d5 3. exd5 exd5 4. Bd3 Bd6 5. O-O Ne7 6. b3 Bf5 7. Bxf5 Nxf5 8. Re1+ Ne7 9. d4 O-O 10. Bg5 Re8 11. c4 dxc4 12. bxc4 c6 13. Nc3 Qc7 14. c5 Bf4 15. Bxf4 Qxf4 16. Ne5 Nf5 17. Re4 Qh6 18. Ng4 Rxe4 19. Nxh6+ Nxh6 20. Nxe4 Nd7 21. Nd6 b6 22. cxb6 axb6 23. Qb3 b5 24. Re1 g6 25. Re8+ Rxe8 26. Nxe8 Kf8 27. Nd6 Ke7 28. Qb4 Ke6 29. Ne4 Nf5 30. Nc5+ Nxc5 31. Qxc5 h5 32. Qxc6+ Ke7 33. d5 {Black forfeits on time} 1-0

[Event "FICS rated blitz game"]
[Site "FICS freechess.org"]
[FICSGamesDBGameNo "20002664"]
[White "cksung"]
[Black "purdy"]
[WhiteElo "1435"]
[BlackElo "1544"]
[WhiteRD "na"]
[BlackRD "na"]
[TimeControl "300+5"]
[Date "1999.10.14"]
[Time "17:20:00"]
[WhiteClock "0:05:00.000"]
[BlackClock "0:05:00.000"]
[ECO "C42"]
[PlyCount "50"]
[Result "1-0"]

1. e4 e5 2. Nf3 Nf6 3. Nc3 Bb4 4. a3 Bxc3 5. dxc3 Nxe4 6. Qe2 d5 7. Nxe5 Qe7 8. Bf4 O-O 9. Qd3 c6 10. Be2 Na6 11. O-O Bf5 12. Qd4 c5 13. Qxd5 Rad8 14. Qb3 Be6 15. Bc4 Kh8 16. Rfe1 Nf6 17. Nd3 Nd5 18. Bxd5 Rxd5 19. Qxd5 Rd8 20. Bg5 f6 21. Rxe6 Rxd5 22. Rxe7 Rd8 23. Be3 Kg8 24. Rxb7 c4 25. Nf4 Nb8 {Black resigns} 1-0

[Event "FICS rated blitz game"]
[Site "FICS freechess.org"]
[FICSGamesDBGameNo "20002662"]
[White "sts"]
[Black "Benfica"]
[WhiteElo "1626"]
[BlackElo "1664"]
[WhiteRD "na"]
[BlackRD "na"]
[TimeControl "180+0"]
[Date "1999.10.14"]
[Time "17:17:00"]
[WhiteClock "0:03:00.000"]
[BlackClock "0:03:00.000"]
[ECO "A29"]
[PlyCount "94"]
[Result "0-1"]

1. c4 e5 2. Nc3 Nf6 3. Nf3 Nc6 4. g3 d6 5. Bg2 Be7 6. O-O O-O 7. d3 a6 8. Rb1 Bd7 9. b4 Qc8 10. b5 axb5 11. Nxb5 Rxa2 12. Qb3 Rxe2 13. Ng5 Nd4 14. Nxd4 exd4 15. Bf3 Re5 16. Bf4 Rxg5 17. Bxg5 b6 18. Bxf6 Bxf6 19. Bg2 Bh3 20. Qc2 Bxg2 21. Kxg2 Qg4 22. Qd1 Qg6 23. Qf3 h5 24. Qe4 Qxe4+ 25. dxe4 Re8 26. f3 Be5 27. Rbd1 g5 28. Rfe1 Kg7 29. Re2 Kg6 30. Ra2 h4 31. Ra7 Re7 32. Rb7 f6 33. Ra1 hxg3 34. hxg3 f5 35. Raa7 fxe4 36. fxe4 d3 37. Kf3 Bd4 38. Rxc7 Re6 39. Ra3 Rf6+ 40. Kg2 d2 41. Rd3 Rf2+ 42. Kh3 Bc5 43. e5 dxe5 44. Rcd7 Bb4 45. R7d5 Kh5 46. Rxe5 Bc5 47. Re6 g4# {White checkmated} 0-1

[Event "FICS rated blitz game"]
[Site "FICS freechess.org"]
[FICSGamesDBGameNo "20002661"]
[White "cta"]
[Black "VanGogh"]
[WhiteElo "1742"]
[BlackElo "1659"]
[WhiteRD "na"]
[BlackRD "na"]
[TimeControl "300+0"]
[Date "1999.10.14"]
[Time "17:17:00"]
[WhiteClock "0:05:00.000"]
[BlackClock "0:05:00.000"]
[ECO "D35"]
[PlyCount "121"]
[Result "1-0"]

1. d4 d5 2. c4 e6 3. Nc3 Nf6 4. Nf3 Nbd7 5. cxd5 exd5 6. Qb3 Nb6 7. Bg5 Be7 8. e3 O-O 9. Bd3 Be6 10. O-O h6 11. Bh4 Re8 12. Rac1 Rc8 13. Bb1 Bg4 14. Qc2 c6 15. Bxf6 Bxf6 16. Qd2 Nc4 17. Qc2 g6 18. b3 Na3 19. Qb2 Nxb1 20. Qxb1 Bf5 21. Qb2 c5 22. dxc5 Rxc5 23. Qd2 Bxc3 24. Rxc3 Qd6 25. Rfc1 Rxc3 26. Rxc3 Rc8 27. Nd4 Rxc3 28. Qxc3 Be6 29. b4 a6 30. Qc5 Qxc5 31. bxc5 Bd7 32. Kf1 Kf8 33. Ke2 Ke7 34. Kd3 f5 35. Kc3 Bc6 36. Kb4 Kd7 37. Ka5 Kc7 38. Ne6+ Kc8 39. Kb6 g5 40. Nd4 Kd7 41. Nxf5 Kc8 42. Nxh6 d4 43. exd4 Bxg2 44. Nf7 Bd5 45. Nxg5 Bxa2 46. f4 Bb1 47. h4 Bg6 48. f5 Bxf5 49. h5 Be4 50. h6 Kd7 51. h7 Bxh7 52. Nxh7 a5 53. Kxa5 Kc6 54. Ng5 Kc7 55. d5 Kc8 56. Kb6 Kb8 57. Ne6 Kc8 58. d6 Kd7 59. Kxb7 Kxe6 60. Kc7 Kd5 61. d7 {Black resigns} 1-0

[Event "FICS rated blitz game"]
[Site "FICS freechess.org"]
[FICSGamesDBGameNo "20002660"]
[White "vaporlock"]
[Black "fresh"]
[WhiteElo "1743"]
[BlackElo "1699"]
[WhiteRD "na"]
[BlackRD "na"]
[TimeControl "300+0"]
[Date "1999.10.14"]
[Time "17:15:00"]
[WhiteClock "0:05:00.000"]
[BlackClock "0:05:00.000"]
[ECO "B30"]
[PlyCount "79"]
[Result "1-0"]

1. e4 c5 2. Nf3 Nc6 3. Bb5 a6 4. Bxc6 bxc6 5. O-O e6 6. e5 Be7 7. d3 d5 8. exd6 Bxd6 9. Nc3 Nf6 10. h3 O-O 11. Re1 Qc7 12. Bg5 Nd5 13. Ne4 Bf4 14. Nxc5 Bxg5 15. Nxg5 Qf4 16. Qh5 h6 17. Nf3 Nf6 18. Qh4 Qd6 19. Ne4 Nxe4 20. Rxe4 Bb7 21. Rg4 e5 22. Re1 Rae8 23. Qg3 c5 24. Rxg7+ Kh8 25. Nxe5 Rxe5 26. Rxe5 Qf6 27. Rg4 Bc8 28. Rh4 Rg8 29. Qf4 Rg6 30. Re8+ Kg7 31. Rxc8 Qxb2 32. Rg4 Qb1+ 33. Kh2 Qxc2 34. Rxg6+ Kxg6 35. Qg4+ Kf6 36. Rc6+ Ke7 37. Qe4+ Kf8 38. Qe5 Kg8 39. Rxh6 Kf8 40. Rh8# {Black checkmated} 1-0

[Event "FICS rated blitz game"]
[Site "FICS freechess.org"]
[FICSGamesDBGameNo "20002659"]
[White "reinovsky"]
[Black "hoodooman"]
[WhiteElo "1410"]
[BlackElo "1377"]
[WhiteRD "na"]
[BlackRD "na"]
[TimeControl "180+5"]
[Date "1999.10.14"]
[Time "17:14:00"]
[WhiteClock "0:03:00.000"]
[BlackClock "0:03:00.000"]
[ECO "A95"]
[PlyCount "52"]
[Result "0-1"]

1. d4 f5 2. c4 e6 3. Nf3 Nf6 4. g3 Be7 5. Bg2 c6 6. O-O O-O 7. Nc3 d5 8. b3 Nbd7 9. Bb2 Qe8 10. c5 Ne4 11. Nxe4 fxe4 12. Ne1 Qh5 13. Nc2 Nf6 14. f3 Bd7 15. Ne3 Be8 16. Qc2 Bg6 17. Qd2 Bf5 18. Rac1 Bh3 19. b4 Bxg2 20. Kxg2 Nd7 21. a4 Bg5 22. b5 Rf7 23. Rc3 Raf8 24. Qd1 Rf6 25. Nc2 Rh6 26. fxe4 Qxh2# {White checkmated} 0-1

[Event "FICS rated blitz game"]
[Site "FICS freechess.org"]
[FICSGamesDBGameNo "20002658"]
[White "Haaz"]
[Black "Normator"]
[WhiteElo "1409"]
[BlackElo "1751"]
[WhiteRD "na"]
[BlackRD "na"]
[TimeControl "300+0"]
[Date "1999.10.14"]
[Time "16:54:00"]
[WhiteClock "0:05:00.000"]
[BlackClock "0:05:00.000"]
[ECO "D11"]
[PlyCount "67"]
[Result "0-1"]

1. d4 d5 2. c4 Bf5 3. Nc3 e6 4. Nf3 c6 5. Nh4 Qxh4 6. g3 Qd8 7. Bg2 Nf6 8. O-O Be7 9. c5 Nbd7 10. Qb3 Qc8 11. Re1 O-O 12. e4 dxe4 13. Nxe4 Nxe4 14. Bxe4 Bxe4 15. Rxe4 Nf6 16. Rh4 g6 17. Bh6 Rd8 18. Qf3 Rd5 19. Rf4 Qd8 20. Rd1 Rf5 21. h4 Qd5 22. Qe3 Rxf4 23. Bxf4 Rd8 24. Be5 Nd7 25. Bf4 Bf6 26. Bg5 Bxg5 27. hxg5 Nxc5 28. b4 Ne4 29. Kf1 Nxg5 30. f4 Ne4 31. g4 Nf6 32. g5 Ng4 33. Qh3 Qf5 34. Qf3 {White resigns} 0-1

[Event "FICS rated blitz game"]
[Site "FICS freechess.org"]
[FICSGamesDBGameNo "20002657"]
[White "fresh"]
[Black "rubberneck"]
[WhiteElo "1699"]
[BlackElo "1720"]
[WhiteRD "na"]
[BlackRD "na"]
[TimeControl "180+0"]
[Date "1999.10.14"]
[Time "16:53:00"]
[WhiteClock "0:03:00.000"]
[BlackClock "0:03:00.000"]
[ECO "A46"]
[PlyCount "109"]
[Result "1-0"]

1. d4 Nf6 2. Nf3 b6 3. Bg5 e6 4. e3 Be7 5. Bd3 Bb7 6. Bxf6 Bxf6 7. Nbd2 d6 8. c3 Nd7 9. O-O O-O 10. Re1 h6 11. e4 Re8 12. Nc4 c5 13. dxc5 Nxc5 14. Bc2 Qc7 15. Qxd6 Qxd6 16. Nxd6 Re7 17. Nxb7 Rxb7 18. e5 Be7 19. Red1 Rd7 20. Rxd7 Nxd7 21. Rd1 Rd8 22. Ba4 Nc5 23. Rxd8+ Bxd8 24. Bc2 Be7 25. Kf1 Kf8 26. Ke2 Ke8 27. Nd4 Kd7 28. Nb5 a6 29. Na3 Kc7 30. Nc4 Nd7 31. f4 b5 32. Nd2 b4 33. cxb4 Bxb4 34. a3 Be7 35. Nc4 Nb8 36. Kd3 Nd7 37. b4 Nb6 38. Nxb6 Kxb6 39. Kc4 g5 40. g3 gxf4 41. gxf4 Bd8 42. f5 exf5 43. Bxf5 Bc7 44. Kd5 a5 45. bxa5+ Kxa5 46. Bd7 Kb6 47. h3 Bd8 48. e6 fxe6+ 49. Kxe6 Ka5 50. Kf5 Kb6 51. Kg4 Be7 52. Kh5 Bxa3 53. Kxh6 Bc1+ 54. Kh5 Kc7 55. Bf5 {Black forfeits on time} 1-0

[Event "FICS rated blitz game"]
[Site "FICS freechess.org"]
[FICSGamesDBGameNo "20002655"]
[White "Sathish"]
[Black "pjacobi"]
[WhiteElo "1406"]
[BlackElo "1585"]
[WhiteRD "na"]
[BlackRD "na"]
[TimeControl "120+4"]
[Date "1999.10.14"]
[Time "16:51:00"]
[WhiteClock "0:02:00.000"]
[BlackClock "0:02:00.000"]
[ECO "C57"]
[PlyCount "78"]
[Result "0-1"]

1. e4 e5 2. Nf3 Nc6 3. Bc4 Nf6 4. Ng5 Bc5 5. Nxf7 Bxf2+ 6. Kf1 Qe7 7. Nxh8 d5 8. exd5 Nd4 9. d6 Qf8 10. Nf7 Bg4 11. Qxg4 Nxg4 12. dxc7 Nxc2 13. Nc3 Nxa1 14. Nb5 Bc5 15. Ke2 a6 16. Nc3 Nc2 17. Rf1 Nd4+ 18. Kd1 Nxh2 19. Rh1 Ng4 20. Rxh7 Nf2+ 21. Ke1 Nd3+ 22. Kd1 Qe7 23. Rh8+ Kd7 24. Rxa8 Nf2+ 25. Ke1 Nc2+ 26. Ke2 Kxc7 27. d3 Qh4 28. Nxe5 Qh5+ 29. Nf3 Nd4+ 30. Kf1 Nxf3 31. Bf4+ Kc6 32. Bd5+ Kb6 33. Na4+ Ka5 34. Nc3 Qh1+ 35. Ke2 Qe1+ 36. Kxf3 Nxd3 37. b4+ Nxb4 38. Ne4 Qd1+ 39. Kg3 Qxd5 {White resigns} 0-1

[Event "FICS rated blitz game"]
[Site "FICS freechess.org"]
[FICSGamesDBGameNo "20002653"]
[White "Chesney"]
[Black "Morovisk"]
[WhiteElo "1651"]
[BlackElo "1744"]
[WhiteRD "na"]
[BlackRD "na"]
[TimeControl "300+0"]
[Date "1999.10.14"]
[Time "16:48:00"]
[WhiteClock "0:05:00.000"]
[BlackClock "0:05:00.000"]
[ECO "B77"]
[PlyCount "93"]
[Result "1-0"]

1. e4 c5 2. Nf3 Nc6 3. d4 cxd4 4. Nxd4 Nf6 5. Nc3 d6 6. Be3 g6 7. f3 Bg7 8. Bc4 O-O 9. Qd2 a6 10. O-O-O Bd7 11. Nxc6 Bxc6 12. Kb1 Rc8 13. Bb3 Nd7 14. Bd4 e5 15. Be3 Nc5 16. Nd5 Nxb3 17. cxb3 f5 18. Rc1 a5 19. Bb6 Qe8 20. Bxa5 Ra8 21. Bb4 Bxd5 22. Qxd5+ Kh8 23. Bxd6 Rf7 24. Rc7 Rxc7 25. Bxc7 fxe4 26. Qxe4 Qb5 27. Re1 Qa6 28. a3 Re8 29. Bxe5 Rg8 30. Bxg7+ Kxg7 31. Qe7+ Kh6 32. f4 Qd3+ 33. Ka2 Qf5 34. g3 Rc8 35. Qh4+ Kg7 36. Re7+ Kf8 37. Qxh7 Qf6 38. Rxb7 Rd8 39. Qh6+ Kg8 40. Qg5 Qc6 41. Re7 Ra8 42. f5 Ra6 43. f6 Qc2 44. Re8+ Kf7 45. Re7+ Kf8 46. Qd5 Rxf6 47. Qd8# {Black checkmated} 1-0

[Event "FICS rated standard game"]
[Site "FICS freechess.org"]
[FICSGamesDBGameNo "20002652"]
[White "Toque"]
[Black "transilvania"]
[WhiteElo "1882"]
[BlackElo "1832"]
[WhiteRD "na"]
[BlackRD "na"]
[TimeControl "600+10"]
[Date "1999.10.14"]
[Time "16:44:00"]
[WhiteClock "0:10:00.000"]
[BlackClock "0:10:00.000"]
[ECO "B90"]
[PlyCount "126"]
[Result "0-1"]

1. e4 c5 2. Nf3 d6 3. d4 cxd4 4. Nxd4 Nf6 5. Nc3 a6 6. Be3 e5 7. Nb3 Be6 8. f3 Nbd7 9. Qd2 b5 10. O-O-O b4 11. Nd5 Bxd5 12. exd5 a5 13. Kb1 Be7 14. g4 h6 15. h4 Qc7 16. Bh3 Nb6 17. Bxb6 Qxb6 18. g5 Nh5 19. gxh6 Rxh6 20. Bg4 Nf4 21. h5 a4 22. Nc1 Ra5 23. Ne2 Bg5 24. Ng3 Rc5 25. Qf2 Qb5 26. Ne4 Be7 27. Nxc5 dxc5 28. d6 Rxd6 29. Rxd6 Bxd6 30. Rd1 Ke7 31. Qd2 Qc6 32. Qe3 f6 33. Qe1 c4 34. Qe4 Qxe4 35. fxe4 Ng2 36. Rg1 Ne3 37. Be2 c3 38. bxc3 Kf8 39. cxb4 Bxb4 40. Bb5 a3 41. Rg3 Nd1 42. Kc1 Nc3 43. Bc4 Nxe4 44. Rb3 Bc5 45. Rb8+ Ke7 46. Rb7+ Kf8 47. Rf7+ Kg8 48. Rxf6+ Kh7 49. Rc6 Be3+ 50. Kd1 Nc3+ 51. Ke1 Bd4 52. Bd3+ e4 53. Bxe4+ Nxe4 54. Rc4 Ng5 55. Rxd4 Nf3+ 56. Ke2 Nxd4+ 57. Kd3 Ne6 58. c4 Kh6 59. Ke4 Kxh5 60. Ke5 Nc7 61. c5 g5 62. c6 g4 63. Kf4 Kh4 {White resigns} 0-1

[Event "FICS rated blitz game"]
[Site "FICS freechess.org"]
[FICSGamesDBGameNo "20002651"]
[White "Galaxia"]
[Black "Mouztruo"]
[WhiteElo "1737"]
[BlackElo "1784"]
[WhiteRD "na"]
[BlackRD "na"]
[TimeControl "180+0"]
[Date "1999.10.14"]
[Time "16:38:00"]
[WhiteClock "0:03:00.000"]
[BlackClock "0:03:00.000"]
[ECO "A05"]
[PlyCount "57"]
[Result "1-0"]

1. Nf3 Nf6 2. b3 g6 3. Bb2 Bg7 4. e3 O-O 5. d4 d5 6. Nbd2 Bf5 7. Be2 Nbd7 8. O-O Re8 9. c4 c6 10. h3 Be4 11. Nxe4 Nxe4 12. cxd5 cxd5 13. Ne5 Nxe5 14. dxe5 Qa5 15. Bd3 Rac8 16. f4 e6 17. g4 Bf8 18. f5 exf5 19. gxf5 Bc5 20. Qf3 Ng5 21. Qg3 Qb6 22. fxg6 hxg6 23. Kh2 Bxe3 24. Rae1 Bd4 25. Bxd4 Qxd4 26. Bxg6 fxg6 27. Qxg5 Rc2+ 28. Kg3 Qd3+ 29. Rf3 {Black forfeits on time} 1-0

[Event "FICS rated blitz game"]
[Site "FICS freechess.org"]
[FICSGamesDBGameNo "20002650"]
[White "duzzo"]
[Black "Nautiluschess"]
[WhiteElo "1170"]
[BlackElo "1182"]
[WhiteRD "na"]
[BlackRD "na"]
[TimeControl "120+12"]
[Date "1999.10.14"]
[Time "16:38:00"]
[WhiteClock "0:02:00.000"]
[BlackClock "0:02:00.000"]
[ECO "C77"]
[PlyCount "104"]
[Result "0-1"]

1. e4 e5 2. Nf3 Nc6 3. Bb5 a6 4. Ba4 Nf6 5. Nc3 b5 6. Bb3 d6 7. Bd5 Nxd5 8. Nxd5 Be6 9. Nc3 Be7 10. d4 exd4 11. Nxd4 Nxd4 12. Qxd4 Bf6 13. Qd3 O-O 14. Be3 Re8 15. O-O Bc4 16. Qd2 Bxf1 17. Rxf1 h6 18. Nd5 Bg5 19. Qc3 c5 20. Bxg5 hxg5 21. Re1 Ra7 22. f3 b4 23. Qe3 Re5 24. f4 gxf4 25. Qxf4 Qg5 26. Qf3 a5 27. Nb6 Qd2 28. Rf1 Qd4+ 29. Rf2 Rxe4 30. Qxf7+ Kh7 31. Qf5+ Kg8 32. h3 Re1+ 33. Kh2 Qe5+ 34. g3 Qxf5 35. Rxf5 Rae7 36. h4 R7e2+ 37. Kh3 Rh1+ 38. Kg4 Re4+ 39. Kh5 Rhxh4+ 40. gxh4 Re2 41. Nd5 Rg2 42. Ne7+ Kh7 43. Ng6 Rxg6 44. Rd5 Rh6+ 45. Kg4 a4 46. a3 Rg6+ 47. Kh5 Rf6 48. axb4 cxb4 49. Rb5 Rf2 50. Rxb4 Rxc2 51. Rxa4 Rg2 52. Ra6 g6# {White checkmated} 0-1

[Event "FICS rated blitz game"]
[Site "FICS freechess.org"]
[FICSGamesDBGameNo "20002649"]
[White "enstein"]
[Black "svgchris"]
[WhiteElo "1331"]
[BlackElo "1353"]
[WhiteRD "na"]
[BlackRD "na"]
[TimeControl "120+12"]
[Date "1999.10.14"]
[Time "16:33:00"]
[WhiteClock "0:02:00.000"]
[BlackClock "0:02:00.000"]
[ECO "B21"]
[PlyCount "186"]
[Result "1/2-1/2"]

1. e4 c5 2. f4 d6 3. Nf3 g6 4. Bc4 Bg7 5. O-O Nd7 6. d3 Ngf6 7. Nc3 O-O 8. h3 a6 9. Be3 b5 10. Bd5 Nxd5 11. exd5 Nf6 12. Rb1 Bb7 13. Ne4 Nxd5 14. Bd2 Rb8 15. c4 bxc4 16. dxc4 Nf6 17. Nxf6+ Bxf6 18. b3 Be4 19. Qe1 Bxb1 20. Qxb1 Bg7 21. Qc1 f5 22. Ng5 Qd7 23. Qe1 e5 24. Qh4 h6 25. Nf3 e4 26. Ne1 Rbe8 27. Be3 Kh7 28. Kh1 d5 29. cxd5 Qxd5 30. Qf2 Bd4 31. Nc2 Bxe3 32. Nxe3 Qc6 33. Rc1 a5 34. Nc4 Qc7 35. Ne5 Rc8 36. Rd1 Rcd8 37. Rc1 Rd5 38. Qg3 Rf6 39. Qc3 Rfd6 40. Kh2 Rd3 41. Qxc5 Qxc5 42. Rxc5 R3d5 43. Rc7+ Kg8 44. Rc8+ Rd8 45. Rc6 e3 46. Rxg6+ Kh7 47. Rg3 e2 48. Re3 Rd2 49. Kg3 Rxa2 50. Kf3 Rb2 51. Nc4 Rxb3 52. Kxe2 Rxe3+ 53. Kxe3 a4 54. Na3 Rb8 55. Kd4 Rb3 56. Nc2 a3 57. Kc4 Rb8 58. Nxa3 Rc8+ 59. Kd5 Rc3 60. Nc4 Rg3 61. Nd6 Rxg2 62. Nxf5 Rh2 63. h4 Re2 64. Nd4 Re8 65. f5 Kg7 66. Ne6+ Kf6 67. Kd6 Ra8 68. Nd4 Ra4 69. Kd5 h5 70. Ke4 Ra1 71. Kf4 Rf1+ 72. Nf3 Ra1 73. Ng5 Ra4+ 74. Ne4+ Kf7 75. Ke5 Ra5+ 76. Kf4 Ra1 77. Kg5 Rf1 78. Ng3 Rg1 79. Kf4 Ra1 80. Nxh5 Ra4+ 81. Kg5 Ra5 82. Nf4 Ra8 83. h5 Rg8+ 84. Ng6 Ra8 85. h6 Kg8 86. Ne7+ Kh7 87. f6 Ra5+ 88. Nf5 Ra7 89. Ne7 Ra5+ 90. Nf5 Ra7 91. Nd6 Ra5+ 92. Nf5 Ra7 93. Ne7 Ra5+ {Game drawn by repetition} 1/2-1/2

[Event "FICS rated blitz game"]
[Site "FICS freechess.org"]
[FICSGamesDBGameNo "20002648"]
[White "tgaloppo"]
[Black "daredevil"]
[WhiteElo "1438"]
[BlackElo "1336"]
[WhiteRD "na"]
[BlackRD "na"]
[TimeControl "300+0"]
[Date "1999.10.14"]
[Time "16:22:00"]
[WhiteClock "0:05:00.000"]
[BlackClock "0:05:00.000"]
[ECO "B02"]
[PlyCount "61"]
[Result "1-0"]

1. e4 d5 2. exd5 Nf6 3. Nc3 c6 4. dxc6 Nxc6 5. Bb5 Bd7 6. Nf3 a6 7. Ba4 b5 8. Bb3 Qb6 9. O-O e6 10. d4 Bd6 11. Re1 O-O-O 12. Be3 Qc7 13. d5 exd5 14. Bxd5 Nxd5 15. Nxd5 Qb7 16. Nb6+ Kb8 17. Qxd6+ Qc7 18. Qxc7+ Kxc7 19. Rad1 Bg4 20. Rxd8 Rxd8 21. c4 bxc4 22. Nxc4 Be6 23. Bb6+ Kc8 24. Bxd8 Nxd8 25. b3 Nc6 26. Nfe5 Nb4 27. Re2 h6 28. h4 f6 29. Nd3 Nxd3 30. Rxe6 g5 31. Rxf6 {Black resigns} 1-0

[Event "FICS rated blitz game"]
[Site "FICS freechess.org"]
[FICSGamesDBGameNo "20002647"]
[White "special"]
[Black "jeffp"]
[WhiteElo "1400"]
[BlackElo "1342"]
[WhiteRD "na"]
[BlackRD "na"]
[TimeControl "300+0"]
[Date "1999.10.14"]
[Time "16:21:00"]
[WhiteClock "0:05:00.000"]
[BlackClock "0:05:00.000"]
[ECO "C21"]
[PlyCount "70"]
[Result "0-1"]

1. e4 e5 2. d4 d5 3. dxe5 dxe4 4. Qxd8+ Kxd8 5. Bc4 Be6 6. Bxe6 fxe6 7. Nc3 Nc6 8. Bf4 Be7 9. O-O-O+ Kc8 10. Nxe4 g5 11. Bg3 h6 12. f4 b6 13. fxg5 hxg5 14. Nf3 g4 15. Nfg5 Kb7 16. Nxe6 Nh6 17. h3 gxh3 18. Rxh3 Nf5 19. Rxh8 Rxh8 20. Bf4 Rh4 21. g3 Rg4 22. Nf6 Rg6 23. g4 Nh4 24. g5 Nf3 25. Nd5 Nfxe5 26. Nxe7 Nxe7 27. Nd8+ Kc8 28. Bxe5 Rxg5 29. Bf6 Rg8 30. Bxe7 a5 31. Nc6 Kb7 32. Ne5 Re8 33. Rd7 Kc8 34. Bd6 cxd6 35. Rg7 dxe5 {White resigns} 0-1

[Event "FICS rated blitz game"]
[Site "FICS freechess.org"]
[FICSGamesDBGameNo "20002645"]
[White "bope"]
[Black "artu"]
[WhiteElo "1720"]
[BlackElo "1497"]
[WhiteRD "na"]
[BlackRD "na"]
[TimeControl "120+12"]
[Date "1999.10.14"]
[Time "15:42:00"]
[WhiteClock "0:02:00.000"]
[BlackClock "0:02:00.000"]
[ECO "B80"]
[PlyCount "37"]
[Result "1-0"]

1. e4 c5 2. Nf3 d6 3. d4 cxd4 4. Nxd4 Nf6 5. Nc3 e6 6. Bd3 Be7 7. O-O O-O 8. Kh1 a6 9. f4 e5 10. Nde2 Nc6 11. f5 b5 12. a3 Bb7 13. Ng3 d5 14. Nxd5 Nxd5 15. exd5 Qxd5 16. Qg4 Nd4 17. Nh5 Qxg2+ 18. Qxg2 Rfc8 19. Qxb7 {Black resigns} 1-0